 Dungeon Crawl Stone Soup version 0.20.1-1-g8b1a95d (webtiles) character file.

21 letownia2 the Grave Robber (level 2, 6/22 HPs)
             Began as a Deep Dwarf Necromancer on Nov 7, 2017.
             Quit the game on level 5 of the Dungeon.
             The game lasted 00:02:30 (1496 turns).

letownia2 the Grave Robber (Deep Dwarf Necromancer) Turns: 1496, Time: 00:02:31

Health: 6/22       AC:  5    Str: 11    XL:     2   Next: 65%
Magic:  5/5        EV: 11    Int: 17    God:
Gold:   66         SH:  0    Dex: 13    Spells: 4/5 levels left

rFire    . . .     SeeInvis .   a - +0 dagger
rCold    . . .     Gourm    .   (no shield)
rNeg     . . .     Faith    .   k - -1 ring mail (curse)
rPois    .         Spirit   .   (no helmet)
rElec    .         Reflect  .   (no cloak)
rCorr    .         Harm     .   n - +0 pair of gloves
MR       .....                  (no boots)
Stlth    +.........             (no amulet)
Regen    0.0/turn               j - +2 ring of intelligence
MPRegen  0.1/turn               (no ring)

@: starving, non-regenerating
A: damage resistance, heal wounds, sense surroundings 1, no regeneration
a: Heal Wounds


You were on level 5 of the Dungeon.
You were starving.

You visited 1 branch of the dungeon, and saw 5 of its levels.

You collected 66 gold pieces.

Inventory:

Hand Weapons
 a - a +0 dagger (weapon)
Missiles
 l - 5 tomahawks (quivered)
Armour
 e - a +0 robe
 k - a cursed -1 ring mail (worn)
 n - a +0 pair of gloves (worn)
Jewellery
 j - a +2 ring of intelligence (left hand)
Scrolls
 d - a scroll of enchant armour {unknown}
 f - a scroll of identify {unknown}
 h - a scroll of recharging {unknown}
 o - a scroll of enchant weapon {unknown}
Potions
 i - a potion of cancellation {unknown}
 p - a potion of flight {unknown}
Books
 b - a book of Necromancy

   Spells                             Type                      Level
   a - Pain                           Necromancy                   1
   b - Animate Skeleton               Necromancy                   1
   c - Vampiric Draining              Necromancy                   3
   d - Regeneration                   Charms/Necromancy            3
   e - Animate Dead                   Necromancy                   4
   f - Control Undead                 Necromancy                   4
Comestibles
 c - 2 bread rations
 g - 4 fruits
 m - a meat ration


   Skills:
 - Level 2.1 Dodging
 - Level 2.4 Stealth
 - Level 2.0 Spellcasting
 + Level 5.1 Necromancy


You had 4 spell levels left.
You knew the following spells:

 Your Spells              Type           Power        Failure   Level  Hunger
a - Pain                  Necr           ###.         6%          1    #......


Dungeon Overview and Level Annotations

Branches:
Dungeon (5/15)
 Temple: D:4-7

Altars:
Dithmenos
Qazlal
Sif Muna
Trog

Shops:
D:5 *

Annotations:
D:5 exclusion: ice beast


Innate Abilities, Weirdness & Mutations

You are resistant to damage.
You can heal yourself by infusing magical energy.
You passively map a small area around you.
You do not regenerate.


Message History

The bullfrog skeleton closely misses you.
You hit the bullfrog skeleton.
The bullfrog skeleton is moderately damaged.
The bullfrog skeleton hits you but does no damage.
The bullfrog skeleton hits you.
You hit the bullfrog skeleton but do no damage.
The bullfrog skeleton is moderately damaged.
The bullfrog skeleton hits you.
* * * LOW HITPOINT WARNING * * *
You hit the bullfrog skeleton but do no damage.
The bullfrog skeleton is moderately damaged.
The bullfrog skeleton hits you but does no damage.
You hit the bullfrog skeleton.
The bullfrog skeleton is heavily damaged.
The bullfrog skeleton barely misses you.
The bullfrog skeleton hits you but does no damage.
You hit the bullfrog skeleton but do no damage.
The bullfrog skeleton is heavily damaged.
The bullfrog skeleton barely misses you.
Are you sure you want to abandon this character and quit the game? (Confirm with "yes".)

,, * #.#* , *.##
## * ###.###*,
... .# ,..... ...
.., ** ###.#####*
**#.##. # , ,
#.......# #... .#
*#######.#.###.#
#..#..#.#
..........# #.#
#....$..J
#######.###
#.######.##..#. ,
#.#
#..@ZJ.........#
########.#
########..#..#..
<........# #..#
.# * ########## *
#.... ..
#.........#.#.#
##*
#.........#....)
#.........#...###
* #.........#...
#.........'.,>*


You could see an ooze and a bullfrog skeleton.

Vanquished Creatures
  A dart slug (D:1)
  An orc (D:3)
  2 ball pythons
  5 giant cockroaches
  2 hobgoblins (D:1)
  2 frilled lizards
  3 kobolds
16 creatures vanquished.

Notes
Turn   | Place    | Note
-------+----------+-------------------------------------------
     0 | D:1      | letownia2 the Deep Dwarf Necromancer began the quest for the Orb.
     0 | D:1      | Reached XP level 1. HP: 15/15 MP: 3/3
   250 | D:1      | Reached XP level 2. HP: 22/22 MP: 0/5
   616 | D:4      | Reached skill level 5 in Necromancy
   656 | D:4      | Found a stormy altar of Qazlal.
   955 | D:4      | Found a bloodstained altar of Trog.
   955 | D:4      | Found a deep blue altar of Sif Muna.
   957 | D:4      | Found a shadowy altar of Dithmenos.
  1272 | D:5      | Entered Level 5 of the Dungeon
  1272 | D:5      | Found Wuteabeleu's General Store.
  1323 | D:5      | Noticed an ice beast
  1389 | D:5      | Noticed a crimson imp
  1496 | D:5      | Quit the game

Skill      XL: |  1  2 |
---------------+-------+-----
Spellcasting   | 2 |  2.0
Necromancy     | 5 |  5.1
Dodging        | |  2.1
Stealth        | |  2.4

Action                   || total
-------------------------++-------
Melee: Dagger            ||    23
       Unarmed           ||     1
 Cast: Pain              ||    28
 Stab: Sleeping          ||     1
Armor: Robe              ||     1
       Ring mail         ||     8
Dodge: Dodged            ||    15
